 Dungeon Crawl Stone Soup version 0.31-a0-472-g43a2ca8e1b (webtiles) character file.

Game seed: 2766573208712991770

442 Ethylacetat the Changeling (level 7, -2/50 HPs)
             Began as an Octopode Shapeshifter on Aug 6, 2023.
             Slain by a hound (6 damage)
             ... on level 5 of the Dungeon.
             The game lasted 00:03:25 (3482 turns).

Ethylacetat the Changeling (Octopode Shapeshifter)  Turns: 3482, Time: 00:03:25

Health: -2/50      AC:  1    Str: 14    XL:     7   Next: 2%
Magic:  7/7        EV: 13    Int: 10    God:
Gold:   269        SH:  0    Dex: 15    Spells: 6/6 levels left

rFire   . .          .
                       - Unarmed
rCold   . . .        (no shield)
rNeg    . . .        (helmet currently unavailable)
rPois   .            (no amulet)
rElec   .            (no ring)
rCorr   .            (no ring)
SInv    .            (no ring)
Will    .....        (no ring)
Stlth   ++           (no ring)
HPRegen 0.28/turn    (no ring)
MPRegen 0.10/turn    (no ring)
                     (no ring)

%: no passive effects
@: beast-form
A: beast (slay +3), almost no armour, amphibious, 8 rings, camouflage 1,
gelatinous body 1, (nimble swimmer 1), tentacles, tentacle spike 1, robust 1,
MP-powered wands
a: Begin Untransformation


You were on level 5 of the Dungeon.
You were a hulking beast.
You visited 1 branch of the dungeon, and saw 5 of its levels.

You collected 269 gold pieces.

Inventory:

Talismans
 b - a beast talisman (active)
Wands
 a - a wand of flame (12)
Scrolls
 d - 6 scrolls of identify {unknown}
 e - a scroll of enchant weapon {unknown}
 h - a scroll of vulnerability {unknown}
 l - 2 scrolls of fog {unknown}
 m - a scroll of enchant armour {unknown}
 n - a scroll of poison {unknown}
 o - a scroll of blinking {unknown}
Potions
 c - 2 potions of curing
 g - a potion of haste {unknown}
 i - 2 potions of enlightenment {unknown}
 j - a potion of heal wounds {unknown}
 k - a potion of brilliance {unknown}
 p - a potion of magic {unknown}


   Skills:
 + Level 3.5 Fighting
 - Level 2.0 Dodging
 + Level 4.5 Unarmed Combat
 * Level 5.1 Shapeshifting


You had 6 spell levels left.
You didn't know any spells.
Your spell library contained the following spells:

 Spells                   Type           Power      Damage    Failure   Level
 Inner Flame              Hex/Fire       0%         N/A       75%         3
 Flame Wave               Conj/Fire      0%         2d4       98%         4
 Sticky Flame             Conj/Fire      0%         2d3       98%         4


Dungeon Overview and Level Annotations

Branches:
Dungeon (5/15)
 Temple: D:4-7

Altars:
Uskayaw
The Shining One


Innate Abilities, Weirdness & Mutations

You are a hulking beast.
Your limbs bulge with bestial killing power. (Slay +3)
You cannot wear most types of armour.
You are amphibious.
You can wear up to eight rings at the same time.
Your skin changes colour to match your surroundings (Stealth+).
Your rubbery body absorbs attacks. (AC +1, EV +1)
((You are camouflaged when in or above water. (Stealth+)))
You have tentacles for arms and can constrict up to eight enemies at once.
One of your tentacles bears a spike.
You are robust. (+10% HP)
You expend magic power (3 MP) to strengthen your wands.


Message History

You bludgeon the white imp!
You kill the white imp!
The shadow imp grins evilly.
You have reached level 7!
The shadow imp misses you.
You tentacle-slap the shadow imp. You grab the shadow imp.
You pierce the shadow imp, but do no damage.
The shadow imp is lightly wounded.
You constrict the shadow imp. The shadow imp barely misses you.
Unknown command.
You tentacle-slap the shadow imp.
You pierce the shadow imp.
You kill the shadow imp!
The hound barely misses you. The hound closely misses you.
You tentacle-slap the wyvern.
Your tentacle spike misses the wyvern.
You squeeze the wyvern!
The wyvern is heavily wounded.
The wyvern bites you. The hound bites you.
Unknown command.
You barely miss the wyvern.
You pierce the wyvern.
Your squeeze misses the wyvern.
The wyvern is severely wounded.
The wyvern bites you. The hound barely misses you.
The wyvern barely misses you.
Unknown command.
You barely miss the wyvern.
The wyvern is severely wounded.
The hound barely misses you. The wyvern misses you. The hound misses you.
Unknown command.
You tentacle-slap the wyvern but do no damage.
You pierce the wyvern.
You tentacle-slap the wyvern.
The wyvern is almost dead.
The wyvern bites you!
* * * LOW HITPOINT WARNING * * *
The hound closely misses you.
You tentacle-slap the wyvern.
Your tentacle spike misses the wyvern.
The wyvern is almost dead.
The wyvern closely misses you. The hound bites you.
* * * LOW HITPOINT WARNING * * *
The wyvern barely misses you. The hound bites you.
You die...

#l........<....#
#..............#
#.........###.##
#.§.......# #
....5PPP♣......##
...<.P..♣[..####
........♣...##.#
.....♣♣♣l......#
..... #hh......#
.... #........#
#### ##########


You could see a wyvern and a hound.

Vanquished Creatures
  A phantom (D:5)
  An orc priest (D:3)
  An iguana (D:4)
  An orc wizard (D:3)
  Natasha (thrice) (D:4)
  Robin (D:4)
  8 adders
  2 gnolls (D:1)
  A shadow imp (D:5)
  A white imp (D:5)
  3 dart slugs (D:1)
  5 orcs
  2 bats
  8 endoplasms
  6 giant cockroaches
  12 hobgoblins
  A quokka (D:3)
  6 ball pythons
  A frilled lizard (D:1)
  14 goblins
  13 kobolds
  6 rats
97 creatures vanquished.

Notes
Turn   | Place    | Note
-------+----------+-------------------------------------------
     0 | D:1      | Ethylacetat the Octopode Shapeshifter began the quest for
                  | the Orb.
     0 | D:1      | Reached XP level 1. HP: 13/13 MP: 1/1
   115 | D:1      | Reached XP level 2. HP: 11/18 MP: 2/2
   218 | D:1      | Reached XP level 3. HP: 23/23 MP: 3/3
   877 | D:2      | Reached XP level 4. HP: 29/29 MP: 4/4
  1375 | D:2      | Found a hide-covered altar of Uskayaw.
  1594 | D:2      | Reached skill level 4 in Shapeshifting
  2024 | D:3      | Reached XP level 5. HP: 28/35 MP: 5/5
  2485 | D:3      | Found a faded altar of an unknown god.
  2775 | D:4      | Reached XP level 6. HP: 41/41 MP: 6/6
  2786 | D:4      | Noticed Natasha
  2794 | D:4      | Killed Natasha
  2799 | D:4      | Noticed Robin
  2811 | D:4      | HP: 2/63 [hobgoblin[Robin] (4)]
  2822 | D:4      | Killed Robin
  3077 | D:4      | Found a glowing golden altar of the Shining One.
  3103 | D:4      | Noticed Natasha
  3109 | D:4      | Killed Natasha
  3298 | D:4      | Noticed Natasha
  3309 | D:4      | Killed Natasha
  3462 | D:5      | Entered Level 5 of the Dungeon
  3464 | D:5      | Noticed a wyvern
  3470 | D:5      | Gained mutation: One of your tentacles bears a spike.
                  | [potion of mutation]
  3470 | D:5      | Gained mutation: You expend magic power (3 MP) to
                  | strengthen your wands. [potion of mutation]
  3470 | D:5      | Gained mutation: You are robust. (+10% HP) [potion of
                  | mutation]
  3473 | D:5      | Reached skill level 5 in Shapeshifting
  3475 | D:5      | Reached XP level 7. HP: 30/50 MP: 7/7
  3482 | D:5      | Slain by a hound

Illustrated notes

Levels and vault maps discovered:
D:1:      dpeg_arrival_court, layout_loops_ring, kennysheep_minor_cross,
          minmay_misc_feat_encased
D:2:      layout_basic, serial_forest, infiniplex_forest_clump_double,
          infiniplex_forest_lined_4_way, infiniplex_forest_end_1,
          infiniplex_forest_lined_3, infiniplex_forest_clump_double,
          basic_altar, nicolae_concentric_dashed_squares_wild,
          kennysheep_generic_room_12
D:3:      layout_loops_ring, ebering_ecumenical_altar_mist
D:4:      layout_cave_pools, nicolae_tso_carved_into_rock,
          palyth_stone_intersect, uniq_natasha, uniq_robin
D:5:      layout_gridville, mainiacjoe_overflow_alcove_4, led_sif_pool,
          minmay_temple_entry_junction_2, gup_sewer_entry_glass, serial_demonic,
          serial_demonic_d, serial_demonic_c, serial_demonic_c, serial_demonic_c

Skill      XL: |  1  2  3  4  5  6 |
---------------+-------------------+-----
Fighting       | 2 3 |  3.5
Shapeshifting  | 4 5 |  5.1
Unarmed Combat | 4 |  4.5
Dodging        | |  2.0

Action                     |  1- 3 |  4- 6 |  7- 9 || total
---------------------------+-------+-------+-------++-------
  Melee: Unarmed           |    47 |   124 |     7 ||   178
         Tentacles         |     7 |    27 |     1 ||    35
         Constrict         |    10 |    28 |     1 ||    39
         Punch             |     3 |     1 |     1 ||     5
         Kick              |       |     1 |     4 ||     5
    Use: Potion            |       |     4 |       ||     4
   Stab: Sleeping          |     4 |     5 |       ||     9
 Armour: Skin              |     2 |    54 |       ||    56
  Dodge: Dodged            |    25 |    56 |    12 ||    93

Table legend: (Time is in decaauts)
 A = Elapsed time spent in this place.
 B = Non-inter-level travel time spent in this place.
 C = Inter-level travel time spent in this place.
 D = Time resting spent in this place.
 E = Time spent auto-exploring this place.
 F = Levels seen in this place.
 G = Mean time per level.
                   A        B        C        D        E       F      G
               +--------+--------+--------+--------+--------+-----+--------+
         Total |   3469 |   3367 |    102 |     11 |   2844 |   5 |  693.8 |
       Dungeon |   3469 |   3367 |    102 |     11 |   2844 |   5 |  693.8 |
               +--------+--------+--------+--------+--------+-----+--------+

Top non-repeatable levels by time:
     D:2: 989 daAuts
     D:1: 865 daAuts
     D:4: 803 daAuts
     D:3: 791 daAuts
     D:5: 18 daAuts
